 Dungeon Crawl Stone Soup version 0.19.5 (webtiles) character file.

58 ghjk the Chopper (level 3, -4/33 HPs)
             Began as a Minotaur Fighter on Apr 25, 2017.
             Killed from afar by Natasha (9 damage)
             ... with a magic dart
             ... on level 2 of the Dungeon.
             The game lasted 00:01:35 (1268 turns).

ghjk the Chopper (Minotaur Fighter)                 Turns: 1268, Time: 00:01:36

Health: -4/33      AC:  0    Str: 21    XL:     3   Next: 76%
Magic:  2/2        EV: 17    Int:  5    God:
Gold:   81         SH:  0    Dex:  9    Spells: 0 memorised, 2 levels left

rFire  . . .     SeeInvis .     (weapon currently unavailable)
rCold  . . .     Gourm    .     (armour currently unavailable)
rNeg   . . .     Faith    .     (shield currently unavailable)
rPois  .         Spirit   .     (helmet currently unavailable)
rElec  .         Reflect  .     (cloak currently unavailable)
rCorr  .         Harm     .     (gloves currently unavailable)
MR     .....                    (boots currently unavailable)
Stlth  +.........               (amulet currently unavailable)
                                (ring currently unavailable)
                                (ring currently unavailable)

@: porcupine-form, quick
A: (retaliatory headbutt), (horns 0)
a: no special abilities


You were on level 2 of the Dungeon.
You were very hungry.
You were a spiny porcupine.
You visited 1 branch of the dungeon, and saw 2 of its levels.

You collected 81 gold pieces.

Inventory:

Hand Weapons
 a - a +0 war axe (melded)
Armour
 b - a +0 scale mail (melded)
 c - a +0 shield (melded)
 n - a +0 pair of boots (melded)
Scrolls
 e - 2 scrolls of enchant armour {unknown}
 h - 2 scrolls of magic mapping {unknown}
 i - 2 scrolls of identify {unknown}
 k - 2 scrolls of remove curse {unknown}
 o - a scroll of recharging {unknown}
 q - a scroll of enchant weapon {unknown}
Potions
 d - a potion of might
 g - a potion of agility {unknown}
 j - a potion of flight {unknown}
 l - 2 potions of lignification {unknown}
 m - 2 potions of brilliance {unknown}
 p - a potion of haste {unknown}
 r - a potion of cure mutation {unknown}
Comestibles
 f - a bread ration


   Skills:
 - Level 3.9 Fighting
 + Level 4.6 Axes
 - Level 3.8 Armour
 - Level 3.6 Shields


You had 2 spell levels left.
You didn't know any spells.

Dungeon Overview and Level Annotations

Branches:
Dungeon (2/15)

Altars:

Annotations:
D:2 Natasha


Innate Abilities, Weirdness & Mutations

((You reflexively headbutt those who attack you in melee.))
((You have a pair of horns on your head.))


Message History

Your +0 pair of boots unmelds from your body.
Your +0 shield unmelds from your body.
Your +0 scale mail unmelds from your body.
Natasha zaps a wand.
You turn into a spiny porcupine.
Your +0 war axe melds into your body.
Your +0 pair of boots melds into your body.
Your +0 shield melds into your body.
Your +0 scale mail melds into your body.
Natasha misses you.
You closely miss Natasha.
Natasha is lightly wounded.
Natasha claws you.
* * * LOW HITPOINT WARNING * * *
Natasha zaps a wand.
You resist with significant effort.
You closely miss Natasha.
Natasha is lightly wounded.
You feel yourself speed up.
Natasha stares at you and mumbles some strange words.
The magic dart hits you!
You die...

#.###.#.# #.
#.......#
##.###########.###
##...##.........#
#..........h#####
..#...##.###.#
#.##.# #.# #.#
...#.##.###h# #.#
#........r.# #.#
###.##.##### #.#
#.###.##.#######.#
#.....##.........#
####.........####
##....##.####.#
##.....##.# #.#
#####.......#.####.#
#................#.#


You could see Natasha.

Vanquished Creatures
  Natasha (D:2)
  A gnoll (D:1)
  A leopard gecko (D:1)
  A giant cockroach (D:2)
  4 goblins (D:1)
  3 hobgoblins
  2 jackals (D:1)
  A kobold (D:2)
  4 bats (D:1)
  2 frilled lizards (D:1)
  3 rats (D:1)
23 creatures vanquished.

Notes
Turn   | Place    | Note
-------+----------+-------------------------------------------
     0 | D:1      | ghjk the Minotaur Fighter began the quest for the Orb.
     0 | D:1      | Reached XP level 1. HP: 19/19 MP: 0/0
   207 | D:1      | Reached XP level 2. HP: 24/27 MP: 1/1
   235 | D:1      | Reached skill level 3 in Axes
   724 | D:1      | Reached XP level 3. HP: 32/33 MP: 2/2
  1099 | D:2      | Noticed Natasha
  1105 | D:2      | Killed Natasha
  1105 | D:2      | Reached skill level 4 in Axes
  1215 | D:2      | Noticed Natasha
  1268 | D:2      | Killed from afar by Natasha

Skill      XL: |  1  2  3 |
---------------+----------+-----
Axes           | 3 4 |  4.6
Fighting       | |  3.9
Armour         | |  3.8
Shields        | |  3.6

Action                   || total
-------------------------++-------
Melee: War axe           ||    48
       Headbutt          ||     4
       Unarmed           ||    22
Armor: Scale mail        ||    15
Dodge: Dodged            ||    24
Block: Shield            ||    24
